 Dungeon Crawl Stone Soup version 0.20.0-15-g7f486f2 (webtiles) character file.

3297 manyhoops the Zephyrmancer (level 10, -3/56 HPs)
             Began as a Tengu Air Elementalist on June 25, 2017.
             Was an Elder of Qazlal.
             Slain by a seven-headed hydra (6 damage)
             ... on level 8 of the Dungeon.
             The game lasted 00:30:23 (8128 turns).

manyhoops the Zephyrmancer (Tengu Air Elementalist) Turns: 8128, Time: 00:30:24

Health: -3/56      AC:  3    Str:  9    XL:     10   Next: 1%
Magic:  18/24      EV: 12    Int: 19    God:    Qazlal [****..]
Gold:   523        SH: 10    Dex: 14    Spells: 18/28 levels left

rFire    . . .     SeeInvis .   e - +0 short sword
rCold    + . .     Gourm    .   x - +0 buckler
rNeg     . . .     Faith    .   z - +1 robe {rC+}
rPois    .         Spirit   .   (helmet restricted)
rElec    .         Reflect  .   (no cloak)
rCorr    .         Harm     .   (no gloves)
MR       .....                  (boots unavailable)
Stlth    ++........             (no amulet)
Regen    0.2/turn               D - +1 ring of slaying
MPRegen  0.2/turn               k - ring of stealth

@: lethally poisoned (-3 -> -7), repel missiles
A: beak, talons 3, able to fly 1
a: Fly, Upheaval, Elemental Force, Renounce Religion


You were on level 8 of the Dungeon.
You worshipped Qazlal.
Qazlal was greatly pleased with you.
You were not hungry.

You visited 1 branch of the dungeon, and saw 8 of its levels.

You collected 523 gold pieces.

Inventory:

Hand Weapons
 e - a +0 short sword (weapon)
Armour
 n - a +2 ring mail of fire resistance
 t - a cursed -2 ring mail
 x - a +0 buckler (worn)
 z - a +1 robe of cold resistance (worn)
Jewellery
 k - a ring of stealth (right hand)
 r - an uncursed ring of see invisible
 v - an uncursed ring of resist corrosion
 D - a +1 ring of slaying (left hand)
Wands
 a - a wand of scattershot (6/9)
 s - a wand of lightning (0/15)
 u - a wand of lightning (0/15)
 C - a wand of lightning (0/15)
Scrolls
 f - 3 scrolls of immolation
 h - 6 scrolls of remove curse
 i - a scroll of fog
 l - a scroll of enchant weapon
 q - a scroll of enchant armour
 y - 2 scrolls of amnesia
Potions
 d - a potion of cancellation
 j - a potion of agility
 o - a potion of flight {unknown}
 p - a potion of heal wounds
 A - a potion of magic {unknown}
 B - a potion of resistance
Books
 b - a book of Air

   Spells                             Type                      Level
   a - Shock                          Conjuration/Air              1
   b - Swiftness                      Charms/Air                   2
   c - Static Discharge               Conjuration/Air              3
   d - Airstrike                      Air                          4
   e - Lightning Bolt                 Conjuration/Air              5
 E - a book of Callings

   Spells                             Type                      Level
   a - Summon Small Mammal            Summoning                    1
   b - Call Imp                       Summoning                    2
   c - Call Canine Familiar           Summoning                    3
   d - Summon Guardian Golem          Hexes/Summoning              3
   e - Summon Lightning Spire         Summoning/Air                4
   f - Summon Ice Beast               Ice/Summoning                4
Comestibles
 c - 3 bread rations


   Skills:
 - Level 3.4 Fighting
 - Level 2.4 Short Blades
 - Level 2.1 Dodging
 - Level 2.0 Stealth
 - Level 4.3 Shields
 * Level 9.5 Spellcasting
 + Level 2.0 Conjurations
 - Level 9.6 Air Magic


You had 18 spell levels left.
You knew the following spells:

 Your Spells              Type           Power        Failure   Level  Hunger
a - Shock                 Conj/Air       ####         1%          1    None
b - Swiftness             Chrm/Air       ####....     1%          2    None
c - Static Discharge      Conj/Air       ####....     1%          3    None
d - Airstrike             Air            #####.....   1%          4    ###....


Dungeon Overview and Level Annotations

Branches:
Dungeon (8/15)             Temple (0/1) D:7
   Lair: D:8-11

Altars:
Cheibriados
Gozag
Hepliaklqana
Qazlal
Ru
Trog
Vehumet
Xom
Yredelemnul
Zin

Shops:
D:5 *


Innate Abilities, Weirdness & Mutations

You have a beak for a mouth.
You have claws for feet.
You can fly.


Message History

Aiming: Airstrike
Press: ? - help, Dir - move target cursor, f - seven-headed hydra
Aim: a seven-headed hydra (flame, moderately wounded)
The air twists around and strikes the seven-headed hydra!
The seven-headed hydra is heavily wounded.
The killer bee buzzes angrily.
The killer bee moves out of view.
The killer bee stings you.
You are poisoned.
The killer bee poisons you!
The seven-headed hydra is engulfed in blazing flames.
The seven-headed hydra bites you but does no damage.
The seven-headed hydra misses you.
You block the seven-headed hydra's attack.
The seven-headed hydra bites you!
* * * LOW HITPOINT WARNING * * *
The seven-headed hydra bites you!
* * * LOW HITPOINT WARNING * * *
You block the seven-headed hydra's attack.
The seven-headed hydra bites you.
You die...

#.'_# #.#
#.######.#
#.#......#
#....#####
###..# #<.# #..#
######..########
#.@yy#...†......
#D##.y.#########
#...###.# #.###.
#.# #. !##.# #
##.# #.# ..# ###


You could see a seven-headed hydra and 3 killer bees.

Vanquished Creatures
  The ghost of daftwullie the Cudgeler, a novice OgWr of the Shining One (D:6)
  A moth of wrath (D:5)
  A hungry ghost (D:7)
  An orc warrior (D:7)
  Duvessa (D:6)
  3 ogres
  A big kobold (D:7)
  3 bullfrogs
  Dowan (D:6)
  A water moccasin zombie (D:7)
  3 scorpions
  6 killer bees (D:7)
  4 wights (D:5)
  A howler monkey (D:6)
  3 crimson imps
  3 hounds
  4 centaur skeletons
  A jelly (D:7)
  5 orc wizards
  4 orc priests
  3 worker ants
  A hound zombie (D:7)
  A mummy (D:7)
  6 adders
  A shadow imp (D:7)
  2 oozes
  2 worms (D:5)
  2 dart slugs
  9 leopard geckos
  27 orcs
  A giant cockroach (D:5)
  2 gnoll zombies (D:5)
  6 goblins
  4 hobgoblins
  9 jackals
  2 ball pythons
  8 bats
  3 frilled lizards
  15 kobolds
  2 quokka zombies
  11 rats
165 creatures vanquished.

Notes
Turn   | Place    | Note
-------+----------+-------------------------------------------
     0 | D:1      | manyhoops the Tengu Air Elementalist began the quest for the Orb.
     0 | D:1      | Reached XP level 1. HP: 10/10 MP: 4/4
    91 | D:1      | Reached XP level 2. HP: 15/15 MP: 3/6
   221 | D:1      | Reached skill level 5 in Air Magic
   277 | D:1      | Reached XP level 3. HP: 16/19 MP: 0/7
   593 | D:1      | Learned a level 2 spell: Swiftness
   599 | D:1      | Learned a level 3 spell: Static Discharge
   926 | D:2      | Found a glowing silver altar of Zin.
   966 | D:2      | Reached skill level 1 in Short Blades
   997 | D:2      | Found an opulent altar of Gozag.
  1387 | D:2      | Found a faded altar of an unknown god.
  1416 | D:2      | Became a worshipper of Qazlal Stormbringer
  1416 | D:2      | Reached * piety under Qazlal
  1437 | D:3      | Reached XP level 4. HP: 24/24 MP: 4/8
  1446 | D:3      | Found a bloodstained altar of Trog.
  1543 | D:3      | Found a shimmering altar of Xom.
  1581 | D:3      | Reached skill level 1 in Fighting
  1674 | D:3      | Reached ** piety under Qazlal
  2125 | D:3      | Gained mutation: You can fly. [Tengu growth]
  2125 | D:3      | Reached XP level 5. HP: 30/30 MP: 4/9
  2188 | D:4      | Noticed an ogre
  2199 | D:4      | HP: 1/30 [ogre/giant club (28)]
  2205 | D:4      | Killed an ogre
  3068 | D:5      | Entered Level 5 of the Dungeon
  3106 | D:5      | Learned a level 4 spell: Airstrike
  3135 | D:5      | Reached XP level 6. HP: 25/35 MP: 0/12
  3458 | D:5      | Found Feoqau's Elemental Accessories.
  3864 | D:5      | Found a basalt altar of Yredelemnul.
  3886 | D:5      | Noticed a moth of wrath
  3921 | D:5      | Found a bloodstained altar of Trog.
  4031 | D:5      | Killed a moth of wrath
  4031 | D:5      | Reached XP level 7. HP: 39/39 MP: 0/17
  4301 | D:5      | Found a stormy altar of Qazlal.
  4302 | D:5      | Noticed a water elemental
  4302 | D:5      | Noticed an air elemental
  4302 | D:5      | Noticed a fire elemental
  4706 | D:5      | Reached XP level 8. HP: 40/44 MP: 1/19
  4884 | D:5      | Found a sacrificial altar of Ru.
  4926 | D:6      | Noticed daftwullie's ghost (novice OgWr)
  5403 | D:5      | Reached *** piety under Qazlal
  5545 | D:6      | Noticed Duvessa
  5545 | D:6      | Noticed Dowan
  6010 | D:6      | Killed daftwullie's ghost
  6010 | D:6      | Reached XP level 9. HP: 47/48 MP: 3/22
  6190 | D:6      | Killed Duvessa
  6204 | D:6      | Killed Dowan
  6233 | D:6      | Found a radiant altar of Vehumet.
  6521 | D:7      | Reached skill level 1 in Shields
  6962 | D:7      | Found a snail-covered altar of Cheibriados.
  7035 | D:7      | Found a staircase to the Ecumenical Temple.
  7646 | D:7      | Reached **** piety under Qazlal
  7996 | D:7      | Reached XP level 10. HP: 56/56 MP: 13/24
  8090 | D:8      | Found a hazy altar of Hepliaklqana.
  8126 | D:8      | Noticed a seven-headed hydra
  8128 | D:8      | Slain by a seven-headed hydra

Skill      XL: |  1  2  3  4  5  6  7  8  9 |
---------------+----------------------------+-----
Air Magic      | 5 6 9 |  9.6
Short Blades   | 1 2 |  2.4
Fighting       | 1 3 |  3.4
Spellcasting   | 3 6 7 8 9 |  9.5
Shields        | 4 |  4.3
Conjurations   | 2 |  2.0
Dodging        | |  2.1
Stealth        | |  2.0

Action                   |  1- 3 |  4- 6 |  7- 9 | 10-12 || total
-------------------------+-------+-------+-------+-------++-------
Melee: Short sword       |    23 |    51 |    21 |       ||    95
       Peck              |     2 |     9 |    10 |       ||    21
       Kick              |     3 |    14 |     5 |       ||    22
 Cast: Shock             |    53 |    80 |   123 |     4 ||   260
       Static Discharge  |     2 |     7 |     3 |       ||    12
       Airstrike         |       |     8 |    73 |     2 ||    83
       Swiftness         |       |       |     1 |       ||     1
Evoke: Wand              |       |     3 |     4 |       ||     7
  Use: Scroll            |     3 |     1 |    10 |       ||    14
       Potion            |       |       |     9 |       ||     9
 Stab: Sleeping          |     2 |       |       |       ||     2
  Eat: Chunk             |     1 |     8 |     9 |       ||    18
       Royal jelly       |       |     2 |     1 |       ||     3
       Bread ration      |       |       |     1 |       ||     1
       Meat ration       |       |       |     1 |       ||     1
Armor: Robe              |    11 |    10 |     8 |     1 ||    30
       Skin              |       |       |     5 |       ||     5
Dodge: Dodged            |    30 |    69 |    47 |     4 ||   150
Block: Other             |       |     8 |    11 |       ||    19
       Buckler           |       |       |    16 |     4 ||    20
